 Dungeon Crawl Stone Soup version 0.27.1-33-g824d729ab1 (webtiles) character file.

Game seed: 12223313497634605865

81 SibleyIrresistible the Gusty (level 4, -4/24 HPs)
             Began as a Tengu Air Elementalist on Dec 10, 2021.
             Killed from afar by Ijyb (17 damage)
             ... with an iceblast
             ... on level 3 of the Dungeon.
             The game lasted 00:07:22 (2118 turns).

SibleyIrresistible the Gusty (TeAE)                 Turns: 2118, Time: 00:07:23

Health: -4/24      AC:  2    Str:  8    XL:     4   Next: 40%
Magic:  1/8        EV: 12    Int: 17    God:
Gold:   49         SH:  0    Dex: 14    Spells: 6/7 levels left

rFire    . . .     SeeInvis .   (no weapon)
rCold    . . .     Faith    .   (no shield)
rNeg     . . .     Spirit   .   a - +0 robe
rPois    .         Reflect  .   (helmet restricted)
rElec    .         Harm     .   b - scarf {+Inv}
rCorr    .         Rampage  .   (no gloves)
Will     .....                  (boots unavailable)
Stlth    ++........             (no amulet)
HPRegen  0.08/turn              (no ring)
MPRegen  0.11/turn              (no ring)

@: no status effects
A: beak, talons 3
a: Evoke Invisibility


You were on level 3 of the Dungeon.
You visited 1 branch of the dungeon, and saw 3 of its levels.

You collected 49 gold pieces.

Inventory:

Hand Weapons
 g - a +0 dagger of venom
Armour
 a - a +0 robe (worn)
 b - a scarf of invisibility (worn)
Scrolls
 f - a scroll of holy word {unknown}
Potions
 c - a potion of might {unknown}
 d - 2 potions of lignification {unknown}


   Skills:
 - Level 2.1 Dodging
 - Level 2.0 Stealth
 - Level 2.0 Spellcasting
 - Level 1.3 Conjurations
 * Level 6.7 Air Magic


You had 6 spell levels left.
You knew the following spells:

 Your Spells              Type           Power      Damage    Failure   Level
a - Shock                 Conj/Air       60%        1d6       3%          1

Your spell library contained the following spells:

 Spells                   Type           Power      Damage    Failure   Level
 Swiftness                Air            24%        N/A       3%          3
 Static Discharge         Conj/Air       15%        N/A       5%          2
 Poisonous Vapours        Pois/Air       26%        N/A       8%          2
 Airstrike                Air            12%        N/A       12%         4
 Sting                    Tmut/Pois      4%         1d3       19%         1
 Sublimation of Blood     Necr           0%         N/A       28%         2
 Wereblood                Tmut           1%         N/A       28%         2
 Olgreb's Toxic Radiance  Pois           1%         N/A       88%         4
 Summon Hydra             Summ           0%         N/A       100%        7


Dungeon Overview and Level Annotations

Branches:
Dungeon (3/15)

Altars:

Annotations:
D:3 Ijyb


Innate Abilities, Weirdness & Mutations

You have a beak for a mouth.
You have claws for feet.


Message History

Confirm with . or Enter, or press ? or * to list all spells.
Aiming: Shock (safe; 3% risk of failure)
Press: ? - help, Shift-Dir - straight line, f/p - jackal
Aim: a jackal (64% to hit)
The zap hits the jackal.
The jackal is almost dead.
The zap hits the jackal.
You kill the jackal!
Unknown command.
You now have 49 gold pieces (gained 11).
You see here a ring of flight.
Drop what? 7/52 slots (_ for help) (? for menu, Esc to quit)
You drop a ring of flight.
Ijyb the Twisted Goblin comes into view.
She is wielding a +0 dagger, wearing a +1 scale mail of poison resistance and carrying a wand of iceblast (6).
Casting: Shock (safe; 3% risk of failure)
Confirm with . or Enter, or press ? or * to list all spells.
Aiming: Shock (safe; 3% risk of failure)
Press: ? - help, Shift-Dir - straight line, f - Ijyb
Aim: Ijyb, wielding a +0 dagger, wearing a +1 scale mail of poison resistance and carrying a wand of iceblast (6) (68% to hit)
The zap hits Ijyb.
Ijyb is lightly wounded.
Casting: Shock (safe; 3% risk of failure)
Confirm with . or Enter, or press ? or * to list all spells.
Aiming: Shock (safe; 3% risk of failure)
Press: ? - help, Shift-Dir - straight line, f/p - Ijyb
Aim: Ijyb, wielding a +0 dagger, wearing a +1 scale mail of poison resistance and carrying a wand of iceblast (6) (lightly wounded, 68% to hit)
The zap hits Ijyb but does no damage.
Ijyb is lightly wounded.
Casting: Shock (safe; 3% risk of failure)
Confirm with . or Enter, or press ? or * to list all spells.
Aiming: Shock (safe; 3% risk of failure)
Press: ? - help, Shift-Dir - straight line, f/p - Ijyb
Aim: Ijyb, wielding a +0 dagger, wearing a +1 scale mail of poison resistance and carrying a wand of iceblast (6) (lightly wounded, 68% to hit)
The zap hits Ijyb.
Ijyb is lightly wounded.
Ijyb zaps a wand.
The mass of ice explodes!
The iceblast engulfs you!
You hear a bark!
You hear an angry hiss.
You hear a shout!
Ijyb zaps a wand.
The mass of ice explodes!
The iceblast engulfs you!
Ouch! That really hurt!
You die...

.. # ... ######
#.#.#.#..
#.#..###.#.#.#.#
#.......#.#.#g#
#<.....#.#†#
##.##.#.#†#
#.##..#=#
#....#@#.#
#.....#.#.#
#....#.#.#.#
####..#.#.#.#
#.#.#.#.#.#
#(.#.#.#.#.#
#.#<#.#.#.#.
...#.#.#.#. #.#
#.#.#.


You could see Ijyb.

Vanquished Creatures
  Robin (D:2)
  3 adders
  3 ball pythons (D:1)
  2 endoplasms (D:1)
  2 giant cockroaches (D:2)
  13 goblins
  3 hobgoblins
  A jackal (D:3)
  A quokka (D:2)
  A bat (D:1)
  2 frilled lizards (D:2)
  7 kobolds
  2 rats (D:1)
41 creatures vanquished.

Notes
Turn   | Place    | Note
-------+----------+-------------------------------------------
     0 | D:1      | SibleyIrresistible the Tengu Air Elementalist began the
                  | quest for the Orb.
     0 | D:1      | Reached XP level 1. HP: 10/10 MP: 4/4
   201 | D:1      | Reached XP level 2. HP: 15/15 MP: 3/6
   340 | D:1      | Reached skill level 5 in Air Magic
  1096 | D:2      | Noticed a great orb of eyes
  1097 | D:2      | Found a faded altar of an unknown god.
  1101 | D:2      | Noticed a golden eye
  1101 | D:2      | Noticed an eye of devastation
  1101 | D:2      | Noticed a golden eye
  1244 | D:2      | Reached XP level 3. HP: 19/19 MP: 2/7
  1362 | D:2      | Reached skill level 6 in Air Magic
  1431 | D:2      | Noticed Robin
  1458 | D:2      | Killed Robin
  1459 | D:2      | Reached XP level 4. HP: 7/24 MP: 0/8
  2114 | D:3      | Noticed Ijyb
  2118 | D:3      | Killed from afar by Ijyb

Illustrated notes

Levels and vault maps discovered:
D:1:      lightli_arrival_statue_moat, layout_rooms, kennysheep_another_room
D:2:      layout_loops_ring, hellmonk_ecumenical_altar_watching_god, uniq_robin
D:3:      layout_basic, lemuel_coloured_pillars_altar, uniq_ijyb

Skill      XL: |  1  2  3 |
---------------+----------+-----
Air Magic      | 5 6 |  6.7
Dodging        | |  2.1
Stealth        | |  2.0
Spellcasting   | |  2.0
Conjurations   | |  1.3

Action                   |  1- 3 |  4- 6 || total
-------------------------+-------+-------++-------
Melee: Unarmed           |    16 |     1 ||    17
       Kick              |     4 |     1 ||     5
       Peck              |     3 |       ||     3
 Cast: Shock             |    61 |    23 ||    84
Armor: Robe              |     6 |       ||     6
Dodge: Dodged            |    15 |     5 ||    20
